AoeStats
← BW962565

Arena

509672318Analyzed
1v1 RM · 3d ago on Sep 27, 2026· 44m 54s· 2 players
Game mode
Random Map
Map size
Tiny (2 player)
Population
200
Speed
Normal
Resources
Standard
Victory
Conquest
Starting age
Dark Age
Ending age
Imperial Age
RankedLock teamsTeams togetherTeam positionsShared explorationLock speedFull tech treeHidden civsTurbo modeCheats
Victory
Defeat
🇨🇷 Byzantines · Costa Rica
714
+16
🇬🇧 Franks · United Kingdom
712
-16
BW962565
0:31 Loom
9:50 Feudal Age
10:42 Town Watch
11:33 Wheelbarrow
11:11 Double-Bit Axe
12:39 Gold Mining
20:49 Castle Age
20:20 Scale Barding Armor
20:30 Forging
21:50 Hand Cart
22:13 Bow Saw
22:48 Husbandry
23:27 Iron Casting
23:18 Chain Barding Armor
24:26 Town Patrol
30:11 Imperial Age
28:14 Light Cavalry
30:29 Gold Shaft Mining
31:12 Cavalier
32:56 Blast Furnace
32:42 Plate Barding Armor
34:14 Chemistry
35:04 Paladin
43:57 Scale Mail Armor
alrocd01
11:34 Feudal Age
15:48 Castle Age
13:55 Double-Bit Axe
21:43 Horse Collar
26:39 Heavy Plow
26:56 Bow Saw
29:58 Imperial Age
29:09 Wheelbarrow
28:31 Pikeman
31:51 Two-Man Saw
31:25 Crop Rotation
31:33 Heavy Camel Rider
32:14 Husbandry
31:42 Elite Skirmisher
32:11 Gambesons
32:26 Squires
32:12 Arson
33:05 Gold Mining
33:06 Stone Mining
36:08 Chemistry
36:55 Thumb Ring
36:14 Halberdier
36:54 Squires
37:41 Hand Cart
37:12 Loom
37:43 Forging
37:24 Fletching
37:34 Padded Archer Armor
37:34 Scale Mail Armor
37:40 Scale Barding Armor
39:35 Conscription
40:11 Stone Shaft Mining
40:11 Gold Shaft Mining
39:34 Bodkin Arrow
40:15 Iron Casting
39:55 Leather Archer Armor
40:31 Chain Mail Armor
40:41 Ballistics
40:33 Fortified Wall
40:20 Murder Holes
40:11 Arrowslits
42:08 Chain Barding Armor
41:49 Bracer
43:44 Hoardings
Connection lost

Rejoining the realm…

Still unreachable

The connection could not be restored.

Session expired

The server has moved on; the page needs a fresh start.